 Dungeon Crawl Stone Soup version 0.22-a0-422-g9628fc8 (webtiles) character file.

4 4thArraOfDagon the Magician (level 1, -1/13 HPs)
             Began as a Mummy Fire Elementalist on May 16, 2018.
             Slain by an adder (3 damage)
             ... on level 2 of the Dungeon.
             The game lasted 00:00:28 (98 turns).

4thArraOfDagon the Magician (Mummy Fire Elementalist) Turns: 98, Time: 00:00:28

Health: -1/13      AC:  2    Str: 11    XL:     1   Next: 58%
Magic:  0/4        EV: 12    Int: 14    God:
Gold:   30         SH:  0    Dex: 12    Spells: 4/5 levels left

rFire    x . .     SeeInvis .   b - +0 spear
rCold    + . .     Gourm    .   (no shield)
rNeg     + + +     Faith    .   a - +0 robe
rPois    ∞         Spirit   .   (no helmet)
rElec    .         Reflect  .   (no cloak)
rCorr    .         Harm     .   (no gloves)
MR       .....                  (no boots)
Stlth    ++........             (no amulet)
HPRegen  0.04/turn              (no ring)
MPRegen  0.09/turn              (no ring)

@: no status effects
A: no food or potions, fire vulnerability, cold resistance 1, negative energy
resistance 3, torment resistance, unbreathing
a: no special abilities


You were on level 2 of the Dungeon.
You were not hungry.

You visited 1 branch of the dungeon, and saw 2 of its levels.

You collected 30 gold pieces.

Inventory:

Hand Weapons
 b - a +0 spear (weapon)
Armour
 a - a +0 robe (worn)
Scrolls
 c - a scroll of remove curse {unknown}


   Skills:
 - Level 1.5 Dodging
 - Level 1.5 Stealth
 + Level 2.8 Spellcasting
 * Level 1.0 Conjurations
 * Level 2.5 Fire Magic


You had 4 spell levels left.
You knew the following spells:

 Your Spells              Type           Power        Failure   Level  Hunger
a - Flame Tongue          Conj/Fire      #....        11%         1    N/A

Your spell library contained the following spells:

 Spells                   Type           Power        Failure   Level  Hunger
 Fireball                 Conj/Fire      #.........   96%         5    N/A
 Conjure Flame            Conj/Fire      #.......     30%         3    N/A
 Throw Flame              Conj/Fire      #.....       16%         2    N/A
 Sticky Flame             Conj/Fire      #.......     71%         4    N/A
 Inner Flame              Hex/Fire       #.......     36%         3    N/A

Dungeon Overview and Level Annotations

Branches:
Dungeon (2/15)

Altars:


Innate Abilities, Weirdness & Mutations

You do not eat or drink.
Your flesh is vulnerable to fire.
You are immune to poison.
Your flesh is cold resistant. (rC+)
You are immune to negative energy. (rN+++)
You are immune to unholy pain and torment.
You can survive without breathing.


Message History

Confirm with . or Enter, or press ? or * to list all spells.
Aiming: Flame Tongue (safe; 11% risk of failure)
Press: ? - help, Shift-Dir - straight line, f/p - adder
Aim: an adder The flame tongue hits the adder.
The adder is heavily wounded.
The adder bites you. x2
* * * LOW HITPOINT WARNING * * *
You hit the adder.
The adder is severely wounded.
The adder closely misses you.
Casting: Flame Tongue (safe; 11% risk of failure)
Confirm with . or Enter, or press ? or * to list all spells.
Aiming: Flame Tongue (safe; 11% risk of failure)
Press: ? - help, Shift-Dir - straight line, f/p - adder
Aim: an adder (severely wounded)
The flame tongue misses the adder.
The adder closely misses you.
Unknown command.
The adder bites you.
You die...

#####################
#...)................
#.###########..#####
##.###########..######
#..<..................
#..#####..####..#.####
#..# #.......(#.# #..#
####@####..# # #..#
#.!S.# #..# #..#
#.#### #..# #..# #
#..# #.. ...# ...# ###


You could see an adder.

Vanquished Creatures
  2 hobgoblins
  A kobold (D:2)
  A rat (D:1)
4 creatures vanquished.

Notes
Turn   | Place    | Note
-------+----------+-------------------------------------------
     0 | D:1      | 4thArraOfDagon the Mummy Fire Elementalist began the quest for the Orb.
     0 | D:1      | Reached XP level 1. HP: 13/13 MP: 4/4
    73 | D:2      | Reached skill level 1 in Conjurations
    98 | D:2      | Slain by an adder

Vault maps used:
D:1:      scummos_arrival_simple_crosswalls, minmay_cut_off
D:2:      wad_river_or_something, xom_redecorated, item_on_display_a

Skill      XL: |  1 |
---------------+----+-----
Conjurations   | 1 |  1.0
Dodging        | |  1.5
Stealth        | |  1.5
Spellcasting   | |  2.8
Fire Magic     | |  2.5

Action                   || total
-------------------------++-------
Melee: Spear             ||     1
 Cast: Flame Tongue      ||     8
Dodge: Dodged            ||     2

Table legend:
 A = Spawn XP
 B = Non-spawn XP
 C = Spawn XP percentage of total XP
 D = Spawn monster count
 E = Non-spawn monster count
 F = Spawn count percentage of total count
 G = Total turns spent on level
                    A         B        C        D         E        F      G
               +---------+---------+-------+---------+---------+-------+---------
         Total |       0 |       7 |   0.0 |       0 |       4 |   0.0 |    98
               +---------+---------+-------+---------+---------+-------+---------
           D:1 |       0 |       3 |   0.0 |       0 |       2 |   0.0 |    67
           D:2 |       0 |       4 |   0.0 |       0 |       2 |   0.0 |    31
               +---------+---------+-------+---------+---------+-------+---------
